 Dungeon Crawl Stone Soup version 0.21-a0-531-gacddea6 (webtiles) character file.

151 kae the Ruffian (level 5, -1/53 HPs)
             Began as a Troll Monk on Dec 13, 2017.
             Slain by a gnoll
             ... wielding a +0 halberd
              (8 damage)
             ... on level 3 of the Dungeon.
             The game lasted 00:01:44 (1505 turns).

kae the Ruffian (Troll Monk)                        Turns: 1505, Time: 00:01:44

Health: -1/53      AC:  5    Str: 17 (19) XL:     5   Next: 10%
Magic:  4/4        EV: 10    Int:  8 (11) God:
Gold:   160        SH:  0    Dex: 10 (13) Spells: 4/4 levels left

rFire    . . .     SeeInvis .     - Unarmed
rCold    . . .     Gourm    +   (no shield)
rNeg     . . .     Faith    .   a - +0 robe
rPois    .         Spirit   .   (helmet restricted)
rElec    .         Reflect  .   (no cloak)
rCorr    .         Harm     .   (gloves unavailable)
MR       .....                  (boots unavailable)
Stlth    +.........             (no amulet)
HPRegen  0.57/turn              (no ring)
MPRegen  0.09/turn              (no ring)

@: brilliant
A: large, unfitting armour, claws 3, fast metabolism 3, gourmand, regeneration
1, shaggy fur 1, tough skin 2
a: no special abilities


You were on level 3 of the Dungeon.
You were completely stuffed.

You visited 1 branch of the dungeon, and saw 3 of its levels.

You collected 160 gold pieces.

Inventory:

Armour
 a - a +0 robe (worn)
Jewellery
 l - an uncursed ring of resist corrosion {unknown}
Scrolls
 e - 2 scrolls of teleportation {unknown}
 f - a scroll of noise {unknown}
 j - 3 scrolls of identify {unknown}
 m - a scroll of blinking {unknown}
Potions
 c - a potion of brilliance
 d - a potion of curing
 i - 2 potions of degeneration
Comestibles
 b - 2 bread rations
 g - a meat ration
 k - 2 royal jellies
 n - 4 chunks of flesh


   Skills:
 + Level 3.2 Fighting
 + Level 3.1 Dodging
 - Level 1.0 Stealth
 * Level 4.6 Unarmed Combat


You had 4 spell levels left.
You didn't know any spells.

Dungeon Overview and Level Annotations

Branches:
Dungeon (3/15)

Altars:
Nemelex Xobeh
Ru


Innate Abilities, Weirdness & Mutations

You are too large for most types of armour.
You have claws for hands.
Your metabolism is lightning-fast.
You like to eat raw meat.
Your natural rate of healing is unusually fast.
You are covered in fur. (AC +1)
You have very tough skin. (AC +2)


Message History

You are too injured to fight recklessly!
You scratch the gnoll.
The gnoll is moderately wounded.
The gnoll hits you with a whip!
You scratch the gnoll but do no damage.
The gnoll is moderately wounded.
The gnoll hits you from afar with a halberd.
The gnoll misses you.
You claw the gnoll!
You kill the gnoll!
The gnoll barely misses you. The gnoll sergeant barely misses you.
The gnoll hits you with a halberd!
* * * LOW HITPOINT WARNING * * *
You see here a whip.
You scratch the gnoll.
The gnoll is moderately wounded.
The gnoll sergeant hits you from afar with a spear of piercing.
* * * LOW HITPOINT WARNING * * *
x2 The gnoll hits you with a halberd!
You die...

# ....#################
#...gggg@...........#
#...###############.#####
# #...... #######


You could see a gnoll sergeant and 3 gnolls.

Vanquished Creatures
  Terence (D:2)
  Jessica (D:2)
  A gnoll (D:3)
  4 adders (D:2)
  2 worms (D:2)
  2 dart slugs
  A leopard gecko (D:1)
  6 bats
  A giant cockroach (D:1)
  6 goblins
  6 hobgoblins
  2 ball pythons (D:1)
  2 frilled lizards (D:1)
  7 kobolds
  5 rats
47 creatures vanquished.

Notes
Turn   | Place    | Note
-------+----------+-------------------------------------------
     0 | D:1      | kae the Troll Monk began the quest for the Orb.
     0 | D:1      | Reached XP level 1. HP: 22/22 MP: 0/0
   171 | D:1      | Reached XP level 2. HP: 29/29 MP: 1/1
   763 | D:2      | Reached XP level 3. HP: 36/36 MP: 2/2
  1047 | D:2      | Found a sparkling altar of Nemelex Xobeh.
  1054 | D:2      | Found a sacrificial altar of Ru.
  1082 | D:2      | Noticed Jessica
  1091 | D:2      | Killed Jessica
  1091 | D:2      | Reached skill level 4 in Unarmed Combat
  1091 | D:2      | Reached XP level 4. HP: 43/45 MP: 3/3
  1200 | D:2      | Noticed Terence
  1211 | D:2      | Killed Terence
  1423 | D:3      | Reached XP level 5. HP: 53/53 MP: 4/4
  1505 | D:3      | Slain by a gnoll

Vault maps used:
D:1:      sevenhm_arrival_forest_fort_small_6
D:2:      grunt_temple_overflow_open, uniq_terence, uniq_jessica
D:3:      gammafunk_temple_overflow_forgotten, grunt_decor_resistance,
          roderic_three_in_a_row, serial_park_tiny_1, fedhas_altar_fruit_tree

Skill      XL: |  1  2  3  4 |
---------------+-------------+-----
Fighting       | 3 |  3.2
Unarmed Combat | 4 |  4.6
Dodging        | 3 |  3.1
Stealth        | |  1.0

Action                   |  1- 3 |  4- 6 || total
-------------------------+-------+-------++-------
Melee: Unarmed           |    79 |    46 ||   125
  Use: Potion            |       |     4 ||     4
 Stab: Sleeping          |     3 |     1 ||     4
  Eat: Chunk             |    10 |     9 ||    19
Armor: Robe              |    31 |    11 ||    42
Dodge: Dodged            |    46 |    27 ||    73

Table legend:
 A = Spawn XP
 B = Non-spawn XP
 C = Spawn XP percentage of total XP
 D = Spawn monster count
 E = Non-spawn monster count
 F = Spawn count percentage of total count
 G = Total turns spent on level
                    A         B        C        D         E        F      G
               +---------+---------+-------+---------+---------+-------+---------
         Total |       0 |     216 |   0.0 |       0 |      47 |   0.0 |  1505
               +---------+---------+-------+---------+---------+-------+---------
           D:1 |       0 |      28 |   0.0 |       0 |      17 |   0.0 |   677
           D:2 |       0 |     160 |   0.0 |       0 |      21 |   0.0 |   637
           D:3 |       0 |      28 |   0.0 |       0 |       9 |   0.0 |   191
               +---------+---------+-------+---------+---------+-------+---------
